Cogmind - Beta 12 @@@ ROGUE MODE // 2023.04.23 @ 21:24:46 Player: DreamweaverKara Result: Destroyed by Y-45 Defender with Heavy Assault Rifle Performance ------------- Evolutions (1) 500 Regions Visited (3) 600 Robots Destroyed (13) 65 Value Destroyed (466) 466 Prototype IDs (0) 0 Alien Tech Used (0) 0 Bonus (0) 0 TOTAL SCORE: 1631 Bonus ------- None Cogmind --------- Core Integrity 0/400 Matter 390/400 Energy 100/100 System Corruption 0% Temperature Cool (9) Movement Walking (120) Location -9/Storage Parts ------- > --- POWER (1) -------- (None) > --- PROPULSION (3) --- Aluminum Leg > --- UTILITY (3) ------ Small Storage Unit Medium Matter Pod > --- WEAPON (2) ------- Datajack > --- INVENTORY (8) ---- (None) Peak State ------------ > --- POWER ------------ Ion Engine > --- PROPULSION ------- Compact Wheel Compact Wheel > --- UTILITY ---------- Small Storage Unit Medium Matter Pod > --- WEAPON ----------- Medium Laser Heavy Assault Rifle > --- INVENTORY -------- Ion Engine Light Ion Engine Light Treads Light Treads Aluminum Leg Aluminum Leg Light Cannon Grenade Launcher [Rating: 8] Favorites ----------- Power Ion Engine Engine Ion Engine Propulsion Compact Wheel Treads Light Treads Leg Aluminum Leg Wheel Compact Wheel Utility Small Storage Unit Storage Small Storage Unit Weapon Light Assault Rifle Energy Gun Medium Laser Ballistic Gun Light Assault Rifle Ballistic Cannon Light Cannon Launcher Grenade Launcher Special Melee Weapon Datajack Build | -11 -10 -9 -9 ------- Run | Jun Mat Mat Sto Slots Evolved 2 | . . 2 . Power . | . . . . Propulsion 1 | . . 1 . Utility 1 | . . 1 . Weapon . | . . . . Parts Attached 20 | 6 1 5 8 Power 3 | 1 . 1 1 Engine 3 | 1 . 1 1 Core . | . . . . Reactor . | . . . . Propulsion 6 | 2 . 2 2 Treads 2 | . . 2 . Leg 2 | . . . 2 Wheel 2 | 2 . . . Hover . | . . . . Flight . | . . . . Utility 2 | 1 1 . . Device . | . . . . Storage 2 | 1 1 . . Processor . | . . . . Hackware . | . . . . Protection . | . . . . Artifact . | . . . . Weapon 9 | 2 . 2 5 Energy Gun 1 | . . 1 . Energy Cannon . | . . . . Ballistic Gun 4 | 2 . 1 1 Ballistic Cannon 1 | . . . 1 Launcher 1 | . . . 1 Special Weapon . | . . . . Impact Weapon . | . . . . Slashing Weapon . | . . . . Piercing Weapon . | . . . . Special Melee Weapon 2 | . . . 2 Unidentified Prototypes . | . . . . Parts Lost 13 | . . 6 7 Power 3 | . . 2 1 Propulsion 5 | . . 2 3 Utility . | . . . . Weapon 5 | . . 2 3 Highest Loss Streak 7 | . . 5 7 To Critical Strikes . | . . . . Average Slot Usage (%) 77 | . 98 76 67 Engine 10 | . 14 10 7 Treads 6 | . . 2 14 Leg 1 | . . . 4 Wheel 14 | . 28 19 . Storage 22 | . 27 22 22 Energy Gun 4 | . . 9 . Ballistic Gun 12 | . 28 12 4 Ballistic Cannon 2 | . . . 7 Special Melee Weapon 1 | . . . 5 Naked Turns . | . . . . Heaviest Build 17 | 13 15 17 16 Greatest Support 40 | 32 32 40 40 Greatest Overweight (x) 5 | . . 5 . Average Overweight (x) . | . . . . Largest Inventory Capacity 8 | 8 8 8 8 Average Capacity 7 | 6 8 8 8 Most Carried 8 | 6 8 8 4 Average Carried 5 | 2 7 7 2 Final Capacity 8 | 8 8 8 8 Final Carried 8 | 6 8 5 . Class Distribution -------------------- 100% | Mutant Dominant Class ---------------- Mutant | -10/Materials Mutant | -9/Materials Mutant | -9/Storage Resources | -11 -10 -9 -9 ----------- Run | Jun Mat Mat Sto Matter Collected 598 | 88 90 241 179 Remotely . | . . . . Salvage Created 555 | . 90 292 173 Parts 32 | . 3 15 14 Haulers Intercepted . | . . . . Recyclers Shooed . | . . . . Parts Field Recycled . | . . . . Retrieved Matter . | . . . . Parts Self-Destructed . | . . . . Prevented . | . . . . Kills | -11 -10 -9 -9 ------- Run | Jun Mat Mat Sto Combat Hostiles Destroyed 11 | . 2 6 3 Guns 9 | . 2 6 1 Cannons 1 | . . . 1 AOE 1 | . . . 1 Classes Destroyed 4 | . 1 1 2 Recycler 1 | . . . 1 Operator 1 | . . . 1 Grunt 7 | . 2 4 1 Sentry 4 | . . 2 2 Best Kill Streak 3 | . 2 3 2 Combat Bots Only 3 | . 2 3 1 Max Kills in Single Turn 1 | . 1 1 1 Gunslinging . | . . . . Exploded 1 | . . . 1 Melee . | . . . . Uniques/NPCs Destroyed . | . . . . Combat | -11 -10 -9 -9 -------- Run | Jun Mat Mat Sto Damage Taken 1732 | . 156 627 949 Core 419 | . 17 142 260 Absorbed by Shields . | . . . . Core Remaining (%) 96 | 100 93 . . Volleys Fired 34 | . 6 16 12 Largest 2 | . 2 2 2 Hottest 73 | . 40 73 65 Shots Fired 62 | . 12 28 22 Gun 46 | . 12 28 6 Cannon 11 | . . . 11 Launcher 5 | . . . 5 Special . | . . . . Kinetic 51 | . 12 22 17 Thermal 6 | . . 6 . Explosive 5 | . . . 5 Electromagnetic . | . . . . Robot Hit Streak 13 | . 3 8 13 Robot Miss Streak 2 | . 1 2 1 Penetration Max . | . . . . Secondary Targets . | . . . . Shots Hit Robots 53 | . 8 23 22 Core Hits 29 | . 5 14 10 Critical Kills . | . . . . Critical Parts Destroyed . | . . . . Critical Strikes . | . . . . Melee Attacks 5 | . . . 5 Impact . | . . . . Slashing . | . . . . Piercing . | . . . . Sneak Attacks 3 | . . . 3 Combat Hostiles . | . . . . Follow-up Attacks . | . . . . Damage Inflicted 1001 | . 98 271 632 Guns 427 | . 98 271 58 Cannons 135 | . . . 135 Explosions 433 | . . . 433 Melee . | . . . . Ramming 6 | . . . 6 Kinetic 511 | . 98 220 193 Thermal 51 | . . 51 . Explosive 433 | . . . 433 Electromagnetic . | . . . . Impact . | . . . . Slashing . | . . . . Piercing . | . . . . Highest Corruption . | . . . . Average Corruption . | . . . . Corruption Purged . | . . . . Corruption Blocked . | . . . . Overload Shots . | . . . . Overflow Damage 19 | . . . 19 Projectiles . | . . . . Explosions 19 | . . . 19 Melee . | . . . . Knockbacks . | . . . . Impact . | . . . . Kinetic . | . . . . Secondary . | . . . . Self-Inflicted Damage 91 | . . . 91 Shots 5 | . . . 5 Rammed . | . . . . Targets Rammed 2 | . . . 2 Kicked 2 | . . . 2 Crushed . | . . . . Highest Temperature 44 | . 21 44 43 Average Temperature 16 | . 12 15 20 Received Heat Transfer 720 | . 81 252 387 Siege Activations . | . . . . Robots Corrupted . | . . . . Combat Hostiles . | . . . . Parts Fried . | . . . . Impact Corruptions . | . . . . Robots Melted . | . . . . Combat Hostiles . | . . . . Parts Melted . | . . . . Heat Transferred 148 | . . 148 . Parts Sabotaged . | . . . . Parts Stolen . | . . . . Parts Stripped . | . . . . Power Chain Reactions . | . . . . Missiles Intercepted . | . . . . Alert | -11 -10 -9 -9 ------- Run | Jun Mat Mat Sto Peak Influence 206 | . 65 202 206 Initial 85 | . . 27 85 Average 90 | . 18 104 134 Maximum Alert Level 1 | . . 1 1 Low Security (%) 99 | 100 100 98 99 Level 1 . | . . 1 . Level 2 . | . . . . Level 3 . | . . . . Level 4 . | . . . . Level 5 . | . . . . High Security . | . . . . Max Security . | . . . . Squads Dispatched 1 | . . 1 . Investigation . | . . . . Extermination . | . . . . Reinforcement 1 | . . 1 . Assault . | . . . . Garrison . | . . . . Intercept . | . . . . Searches Triggered . | . . . . Construction Impeded . | . . . . Haulers Reinforced . | . . . . Active Scanning Responses . | . . . . Cargo Convoy Interrupts . | . . . . Stealth | -11 -10 -9 -9 --------- Run | Jun Mat Mat Sto Distress Signals 5 | . 1 2 2 Communications Jammed . | . . . . Distress Signals . | . . . . Times Spotted 34 | . 6 16 12 Peak Tracking Total 10 | . 5 10 7 Tactical Retreats . | . . . . Traps | -11 -10 -9 -9 ------- Run | Jun Mat Mat Sto Traps Triggered . | . . . . Indirectly . | . . . . Trap Hack Attempts . | . . . . Triggered . | . . . . Disarmed . | . . . . Reprogrammed . | . . . . Reused . | . . . . Traps Extracted . | . . . . Installed . | . . . . Triggered . | . . . . Machines | -11 -10 -9 -9 ---------- Run | Jun Mat Mat Sto Machines Disabled . | . . . . Max in Single Turn . | . . . . Machines Repaired . | . . . . Machines Sabotaged . | . . . . Overloaded Fab Kills . | . . . . Hacking | -11 -10 -9 -9 --------- Run | Jun Mat Mat Sto Machines Accessed 2 | . 1 . 1 Terminals 1 | . . . 1 Fabricators . | . . . . Repair Stations . | . . . . Recycling Units 1 | . 1 . . Scanalyzers . | . . . . Garrison Access . | . . . . Total Hacks 5 | . 3 . 2 Successful 1 | . 1 . . Failed 4 | . 2 . 2 Catastrophic . | . . . . Database Lockouts . | . . . . Manual . | . . . . Terminals 2 | . . . 2 Fabricators . | . . . . Repair Stations . | . . . . Recycling Units 3 | . 3 . . Scanalyzers . | . . . . Garrison Access . | . . . . Terminal Hacks . | . . . . Fabricator Hacks . | . . . . Repair Station Hacks . | . . . . Recycling Unit Hacks 1 | . 1 . . Retrieve Matter 1 | . 1 . . Scanalyzer . | . . . . Garrison Access Hacks . | . . . . Unauthorized Hacks . | . . . . Terminals . | . . . . Fabricators . | . . . . Repair Stations . | . . . . Recycling Units . | . . . . Scanalyzers . | . . . . Garrison Access . | . . . . Data Cores Recovered . | . . . . Used . | . . . . Hacking Detections 2 | . 1 . 1 Full Trace Events . | . . . . Feedback Events . | . . . . Feedback Blocked . | . . . . Robot Schematics Acquired . | . . . . Robots Built . | . . . . Authchips . | . . . . Time . | . . . . Total Robot Build Rating . | . . . . Part Schematics Acquired . | . . . . Parts Built . | . . . . Authchips . | . . . . Time . | . . . . Total Part Build Rating . | . . . . Parts Repaired . | . . . . Time . | . . . . Parts Recycled . | . . . . Recycled Matter . | . . . . Retrieved Matter . | . . . . Retrieved Components . | . . . . Parts Scanalyzed . | . . . . Part Schematics Acquired . | . . . . Parts Damaged . | . . . . Bothacking | -11 -10 -9 -9 ------------ Run | Jun Mat Mat Sto Used RIF Installer . | . . . . Robots Hacked 3 | . . . 3 Non-combat 3 | . . . 3 Combat . | . . . . Robot Hacks Applied 3 | . . . 3 parse_system 2 | . . . 2 no_distress 1 | . . . 1 Relay Couplers Released . | . . . . Fabnet Peak Effective % . | . . . . Robots Rewired . | . . . . Allies Hacked . | . . . . Hacks Repelled . | . . . . Allies | -11 -10 -9 -9 -------- Run | Jun Mat Mat Sto Total Allies . | . . . . Largest Group . | . . . . Highest-Rated Group . | . . . . Highest-Rated Ally . | . . . . Total Orders . | . . . . Ally Attacks . | . . . . Total Damage . | . . . . Kills . | . . . . Allies Corrupted . | . . . . Allies Melted . | . . . . Intel | -11 -10 -9 -9 ------- Run | Jun Mat Mat Sto Robot Analysis Total . | . . . . Derelict Logs Recovered . | . . . . Drone Launches . | . . . . Drone Recoveries . | . . . . Exploration | -11 -10 -9 -9 ------------- Run | Jun Mat Mat Sto Turns Passed 787 | 66 135 336 250 Spaces Moved 491 | 52 109 195 135 Core 8 | 7 . 1 . Treads 86 | . . 9 77 Legs 58 | . . . 58 Wheels 339 | 45 109 185 . Hover . | . . . . Flight . | . . . . Fastest Speed 50 | 50 100 100 120 Average Speed 112 | 93 100 104 142 Slowest Speed 300 | 100 100 300 160 Overloaded Moves . | . . . . Propulsion Burnouts . | . . . . Robots Hopped . | . . . . Cave-ins Triggered . | . . . . Exploration Rate (%) 17 | 4 21 24 21 Regions Visited 3 Branch Regions 1 Pre-discovered Areas . | . . . . Known Exits Taken . | . . . . Unknown Exits Taken 3 | 1 1 1 . Scrap Searched . | . . . . Spaces Dug . | . . . . Terrain Destroyed 18 | . . . 18 Melee . | . . . . Projectile . | . . . . AOE 18 | . . . 18 Terrain Rammed . | . . . . Walls Destroyed . | . . . . Machines Disabled . | . . . . Actions | -11 -10 -9 -9 --------- Run | Jun Mat Mat Sto Total 661 | 69 124 302 166 Wait 92 | . 4 85 3 Move 488 | 51 108 194 135 Hop . | . . . . Pick Up 18 | 12 4 1 1 Fast Attach . | . . . . Attach 17 | 6 1 4 6 Detach . | . . . . Swap 3 | . . 1 2 Drop 2 | . 1 1 . Fire 34 | . 6 16 12 Melee 5 | . . . 5 Ram . | . . . . Kick 2 | . . . 2 Crush . | . . . . Escape Stasis . | . . . . Rewire . | . . . . Trap . | . . . . Miscellaneous . | . . . . Route ------- -11/Junkyard -10/Materials -9/Materials -9/Storage History --------- Turn | Location | Event 13 | -11/Junkyard | Discovered new exit (range 15) 67 | -11/Junkyard | Entered Materials 162 | -10/Materials | Discovered new exit (range 16) 202 | -10/Materials | Entered another Materials area 202 | -9/Materials | Evolved 2 slots: Propulsion x1, Utility x1 305 | -9/Materials | Build established: Mutant 504 | -9/Materials | Discovered new exit (range 11) 538 | -9/Materials | Entered Storage 556 | -9/Storage | Lost 5 parts (2p2n1w) 698 | -9/Storage | Core integrity fell below 50% 728 | -9/Storage | Core integrity fell below 20% 761 | -9/Storage | Lost 7 parts (1p3n3w) 788 | -9/Storage | Destroyed by Y-45 Defender with Heavy Assault Rifle Last Messages --------------- Reading system data... 00718_ U-05 Engineer builds a Wall. 00719_ Lgt. Ion Engine destroyed. 00720_ Sneak attack on U-05 Engineer. 00720_ Jacked U-05 Engineer... 00721_ Kicked U-05 Engineer. 00722_ U-05 Engineer lays Concrete. 00722_ Kicked U-05 Engineer. 00723_ U-05 Engineer lays Concrete. 00725_ U-05 Engineer builds a Wall. 00726_ Acquired 67 matter. 00728_ R-06 Scavenger collects Lgt. Treads. 00729_ U-05 Engineer builds a Wall. 00730_ Aluminum Leg destroyed. 00734_ U-05 Engineer builds a Wall. 00738_ U-05 Engineer lays Concrete. 00741_ U-05 Engineer builds a Wall. 00741_ K-01 Serf collects debris. 00752_ W-16 Scout sends out distress signal. 00779_ K-01 Serf cleans the Transfer Shaft. Map ----- +----------------------------------------------------+ | ??????????????????????????????????????? | | ??????????????????????????????????????? | | ??????????????????????????????????????? | | ??????????????????????????????????????? | | ??????????????????????????????????????? | | ??????????????????????????????????????? | | ??????????????????????????????????????? | | ????????????????##????????????????????? | | ???????????????? ????????????????????? | | ???????????????? ????????????????????? | | ???????????????? ????????????????????? | | ???????????????? ????????????????????? | | ???????????????? ????????????????????? | | ????????????????+#????????????????????? | | ?????########### #?????#??????????????? | | ?????# ## #???? #??????????????? | | ?????# ## #??? ##?????????????? | | ?????# """" ## ### #?????????????? | | ?????# ""??" + #?####????????? | | ?????# ""???" # #?"""#????????? | | ?????# "????" # ### ##"R"###??????? | | ?????# "???? # #########" "# #??????? | | ?????# """" # + ###????? | | ?????# # # """"" """ ""#????? | | ?????###Y###### # """"" """ Y"#????? | | ?????# Y Y @a #%""""" """ ""#?###? | | ?????# k # ##### ## | | ?????# # ### | | ?????# ##########+#### # | | ?????# """ ########## #?# "" | | ?????## """ #####! "" | | ?????#T """ # "" | | ?????## / | | ??????# ###+####/####### "" | | ??????# ###+#####? ? ?# "" | | ??????# #???#????? "" ## "" | | ??????# #????????# "Y ##### | | ??????# #????????# "" #???# | | ??????# #????????# #???###### | | ??????# #????????# """ #????????? | | ??????# #????????# """ #????????? | | ??????# #????????# """ +????????? | | ??????# #????????# #########????????? | | ??????# #????????##?????????????????? | | ??????+ +???????????????????????????? | | ??????# #???????????????????????????? | | ??????# #???????????????????????????? | | ??????# #???????????????????????????? | | ??????# #???????????????????????????? | | ??????# #???????????????????????????? | +----------------------------------------------------+ Best States ------------- Heat Dissipation 28 Energy Generation 10 Energy Capacity 250 Matter Stores 390 Matter Capacity 400 Sight Range 16 Terrain Scan Density 10 Evasion (%) 55 Recoil Reduction 2 Item Schematics ----------------- None Robot Schematics ------------------ None Fabricated ------------ Nothing Alien Tech Used ----------------- None Achievements -------------- None Challenges ------------ None Game ------ Seed ReinforcedNuclearCoupler Manual? 0 Play Time 00:14:34 Cumulative 14.2 hours Start 2023.04.23 @ 21:13:25 End 2023.04.23 @ 21:24:46 Sessions 1 Manual Loads 0 Difficulty Rogue Special Mode None Game No. 54 Rogue 54 Adventurer 0 Explorer 0 Win Type - Total 0 Types 0/0/0/0/0/0/0/0/0 Lore% 12 Gallery% 22 Achievement% 18 Wizard Run 0 Options --------- ASCII 1 Keyboard 0 Movement Mouse Keybinds 0 Fullscreen 2 Font 16/Terminus Map View 76x50 Tactical HUD 1 Map Filters NONE Filters NONE Steam 1 RUN: ebcfe0ff-4939-47cd-8738-207f55ca4ada